cohdb
Replays
Latest Replays
All Replays
Popular Replays
Top Player Replays
Match Explorer
How It Works
Community
CoH3 Stats
Reddit
Sign in to upload your games and track your stats! →
Sign in with Steam
Match 25399331
Unlisted
Match 25399331
Overview
Messages
Build Orders
End
Kradschützen Motorcycle Team
Panzergrenadier Squad
Selects Italian Infantry
250 Light Carrier
Panzergrenadier Squad
Construct Light Support Kompanie
MG34 Team
Selects Guastatori Squad
Guastatori Squad
Construct Mechanized Kompanie
Support Armor Elements
StuG III D Assault Gun
Vehicle Survival Package
Panzerjäger Mechanized Group
Selects Registered Artillery
8 Rad Armored Car
Combat Half-tracks
Construct Panzerarmee Kommand
Registered Artillery
Walking Stuka Rocket Launcher
Selects Sound the Alarm
Selects Prepared Positions
Selects Obice 305mm Barrage
Panzer III L Medium Tank
Registered Artillery
Fire Support Elements
Guastatori Squad
Pak 38 Anti-tank Gun Team
Panzerjäger Mechanized Group
2.5-tonne Medical Truck
Dima
Feldsmarschal
dcarman251
ConcernedApe
0
0
Comments
sign in to comment!
No comments posted yet!